 Dungeon Crawl Stone Soup version 0.31-a0-819-gf6de2f5ab6 (webtiles) character file.

Game seed: 3117146816026911823

57 Kurtz the Chopper (level 4, -1/31 HPs)
             Began as an Octopode Fighter on Sept 25, 2023.
             Slain by a gnoll
             ... wielding a +0 flail
              (6 damage)
             ... on level 2 of the Dungeon.
             The game lasted 00:00:32 (847 turns).

Kurtz the Chopper (Octopode Fighter)                 Turns: 847, Time: 00:00:33

Health: -1/31      AC:  1    Str: 15    XL:     4   Next: 0%
Magic:  4/4        EV: 13    Int: 10    God:
Gold:   68         SH:  4    Dex: 13    Spells: 3/3 levels left

rFire   . . .        a - +0 war axe
rCold   . . .        b - +0 buckler
rNeg    . . .        (helmet restricted)
rPois   .            (no amulet)
rElec   .            (no ring)
rCorr   .            (no ring)
SInv    .            (no ring)
Will    .....        (no ring)
Stlth   ++           (no ring)
HPRegen 0.25/turn    (no ring)
MPRegen 0.09/turn    (no ring)
                     (no ring)

%: no passive effects
@: no status effects
A: almost no armour, amphibious, 8 rings, camouflage 1, gelatinous body 1,
(nimble swimmer 1), tentacles
a: no special abilities


You were on level 2 of the Dungeon.
You visited 1 branch of the dungeon, and saw 2 of its levels.

You collected 68 gold pieces.

Inventory:

Hand Weapons
 a - a +0 war axe (weapon)
Armour
 b - a +0 buckler (worn)
Wands
 k - a wand of flame (15)
Scrolls
 d - a scroll of identify {unknown}
 f - a scroll of fog {unknown}
 g - a scroll of poison {unknown}
 h - a scroll of brand weapon {unknown}
 i - a scroll of vulnerability {unknown}
Potions
 c - a potion of might
 e - a potion of ambrosia {unknown}
 j - a potion of curing {unknown}


   Skills:
 - Level 3.0 Fighting
 * Level 4.1 Axes
 - Level 3.0 Dodging
 - Level 3.0 Shields


You had 3 spell levels left.
You didn't know any spells.
Your spell library was empty.

Dungeon Overview and Level Annotations

Branches:
Dungeon (2/15)

Altars:


Innate Abilities, Weirdness & Mutations

You cannot wear most types of armour.
You are amphibious.
You can wear up to eight rings at the same time.
Your skin changes colour to match your surroundings (Stealth+).
Your rubbery body absorbs attacks. (AC +1, EV +1)
((You are camouflaged when in or above water. (Stealth+)))
You have tentacles for arms and can constrict up to eight enemies at once.


Message History

You hit the kobold. Your grab misses the kobold.
You squeeze the kobold, but do no damage.
The kobold is moderately wounded.
You hear a shout!
The kobold closely misses you. The gnoll completely misses you.
You closely miss the kobold. You grab the kobold.
You squeeze the kobold, but do no damage.
You constrict the kobold. You block the kobold's attack.
You block the gnoll's attack. The gnoll misses you.
The kobold barely misses you.
A gnoll comes into view. It is wielding a +0 halberd.
There are monsters nearby!
The gnoll shouts!
You hit the kobold.
You kill the kobold!
The gnoll misses you.
You have reached level 4!
Unknown command.
A rat comes into view.
The gnoll closely misses you. The gnoll hits you with a +0 halberd!
You hit the gnoll. You grab the gnoll.
The gnoll is lightly wounded.
You closely miss the gnoll. You constrict the gnoll.
The gnoll closely misses you. The gnoll hits you with a +0 halberd!
The gnoll hits you with a +0 flail.
Unknown command.
You are too injured to fight recklessly!
Unknown command.
You are too injured to fight recklessly!
You release your grip on the gnoll.
The gnoll completely misses you. The gnoll attacks as it pursues you!
The gnoll hits you with a +0 club. You block the gnoll's attack.
The gnoll attacks as it pursues you! The gnoll closely misses you.
The gnoll attacks as it pursues you! The gnoll hits you with a +0 flail!
* * * LOW HITPOINT WARNING * * *
The gnoll attacks as it pursues you! The gnoll misses you.
There is a stone staircase leading up here.
You can't go down here!
The gnoll hits you with a +0 flail.
You die...

.....#.######.####.#.####
.....#.# #.#.†.........
.....#.########.##.#.#####
.....#...............##
.............g.g.....>#
...#.########.####...##
...... .. #.####g..#
#####.#.#..g...#
........g)@#...#
#.#...#..###...#
#.....#..# #..... .....
#..# #.#.### ..... #..#
#.#.# .... ..## #.#.# ....
..# .# ...#


You could see 3 gnolls.

Vanquished Creatures
  Jessica (D:2)
  A worm (D:2)
  3 hobgoblins (D:1)
  3 jackals (D:1)
  6 kobolds
  A quokka (D:1)
  2 ball pythons
  3 bats (D:1)
  A frilled lizard (D:1)
  3 goblins (D:1)
  2 rats
26 creatures vanquished.

Notes
Turn   | Place    | Note
-------+----------+-------------------------------------------
     0 | D:1      | Kurtz the Octopode Fighter began the quest for the Orb.
     0 | D:1      | Reached XP level 1. HP: 16/16 MP: 1/1
    64 | D:1      | Reached XP level 2. HP: 16/21 MP: 2/2
   186 | D:1      | Reached skill level 3 in Axes
   331 | D:1      | Reached XP level 3. HP: 21/26 MP: 3/3
   512 | D:2      | Noticed Jessica
   518 | D:2      | Killed Jessica
   519 | D:2      | Reached skill level 4 in Axes
   834 | D:2      | Reached XP level 4. HP: 31/31 MP: 4/4
   847 | D:2      | Slain by a gnoll

Illustrated notes

Levels and vault maps discovered:
D:1:      lemuel_arrival_funnel, layout_rooms
D:2:      layout_basic, shapermc_ecumenical_altar_totnotflames, uniq_jessica,
          uniq_robin

Skill      XL: |  1  2  3 |
---------------+----------+-----
Axes           | 3 4 |  4.1
Fighting       | |  3.0
Dodging        | |  3.0
Shields        | |  3.0

Action                     |  1- 3 |  4- 6 || total
---------------------------+-------+-------++-------
  Melee: War axe           |    50 |     1 ||    51
         Constrict         |    13 |     1 ||    14
         Tentacles         |     5 |       ||     5
         Punch             |     1 |       ||     1
   Stab: Sleeping          |     2 |       ||     2
 Armour: Skin              |    15 |     6 ||    21
  Dodge: Dodged            |    41 |     5 ||    46
  Block: Buckler           |    16 |     1 ||    17

Table legend: (Time is in decaauts)
 A = Elapsed time spent in this place.
 B = Non-inter-level travel time spent in this place.
 C = Inter-level travel time spent in this place.
 D = Time resting spent in this place.
 E = Time spent auto-exploring this place.
 F = Levels seen in this place.
 G = Mean time per level.
                   A        B        C        D        E       F      G
               +--------+--------+--------+--------+--------+-----+--------+
         Total |    866 |    849 |     17 |    272 |    406 |   2 |  433.0 |
       Dungeon |    866 |    849 |     17 |    272 |    406 |   2 |  433.0 |
               +--------+--------+--------+--------+--------+-----+--------+

Top non-repeatable levels by time:
     D:1: 475 daAuts
     D:2: 390 daAuts
